 Dungeon Crawl Stone Soup version 0.25.1-2-g60ff931df9 (webtiles) character file.

Game seed: 4101082103496449277

94 Artemis the Cutter (level 4, -2/29 HPs)
             Began as a Kobold Berserker on Sept 7, 2020.
             Was a Believer of Trog.
             Asphyxiated
             ... on level 2 of the Dungeon.
             The game lasted 00:04:26 (1907 turns).

Artemis the Cutter (Kobold Berserker)               Turns: 1907, Time: 00:04:28

Health: -2/29      AC:  5    Str: 15    XL:     4   Next: 94%
Magic:  4/4        EV: 14    Int:  8    God:    Trog [**....]
Gold:   84         SH:  0    Dex: 14    Spells: 3/3 levels left

rFire    . . .     SeeInvis .   a - +0 short sword
rCold    . . .     Gourm    .   (shield restricted)
rNeg     . . .     Faith    .   g - +0 ring mail
rPois    .         Spirit   .   (no helmet)
rElec    .         Reflect  .   (no cloak)
rCorr    .         Harm     .   (no gloves)
MR       .....                  (no boots)
Stlth    +.........             (no amulet)
HPRegen  0.09/turn              (no ring)
MPRegen  0.09/turn              (no ring)

@: lethally poisoned (-2 -> -35), slowed, very slow
A: small, carnivore
a: Berserk, Trog's Hand, Renounce Religion


You were on level 2 of the Dungeon.
You worshipped Trog.
Trog was pleased with you.
You were completely stuffed.

You visited 1 branch of the dungeon, and saw 2 of its levels.

You collected 84 gold pieces.

Inventory:

Hand Weapons
 a - a +0 short sword (weapon)
Armour
 b - a +0 animal skin
 g - a +0 ring mail (worn)
Jewellery
 i - an uncursed ring of protection from magic {unknown}
Scrolls
 d - 5 scrolls of identify {unknown}
 f - a scroll of remove curse {unknown}
 h - a scroll of blinking {unknown}
 k - a scroll of magic mapping {unknown}
Potions
 e - a potion of magic
 l - a potion of curing {unknown}
Comestibles
 c - 2 rations
 j - 3 chunks of flesh


   Skills:
 + Level 4.1 Fighting
 + Level 5.3 Short Blades
 + Level 2.1 Armour
 + Level 3.2 Dodging


You had 3 spell levels left.
You didn't know any spells.
Your spell library was empty.

Dungeon Overview and Level Annotations

Branches:
Dungeon (2/15)

Altars:

Annotations:
D:2 1 runed translucent door, Crazy Yiuf


Innate Abilities, Weirdness & Mutations

You are small and have problems with some larger weapons.
You are carnivorous and can eat meat at any time.


Message History

You are poisoned.
You have difficulty breathing.
You feel yourself slow down.
You see here a curare-tipped dart.
You feel sick.
You feel sick.
The goblin throws a curare-tipped dart.
The curare-tipped dart hits you.
You are more poisoned.
You have difficulty breathing.
* * * LOW HITPOINT WARNING * * *
You feel as though you will be slow longer.
The goblin throws a curare-tipped dart.
The curare-tipped dart barely misses you.
You see here a curare-tipped dart.
It was a potion of magic.
Magic courses through your body.
* * * LOW HITPOINT WARNING * * *
You feel sick.
The goblin throws a curare-tipped dart.
The curare-tipped dart hits you.
You are more poisoned.
You have difficulty breathing.
You die...

....##..#.....#
#+# #
..........#.##
))) #
#...#........#
#)))# #
.#.......#..#
#).)# #
............#
##### #
.#..........# #
#..#####...#
######
#..#...(..#..#
#.....
#.g..@...(...#
##.#..
##.#......##.#
#..(..
..'......# #
#..###
####.....[# #..
#......# #. #
#......# . ....
.......' ..
.... ##......##
.... ....


You could see a goblin.

Vanquished Creatures
  Natasha (twice) (D:2)
  An adder (D:2)
  2 dart slugs
  2 leopard geckos
  A giant cockroach (D:1)
  5 goblins
  5 hobgoblins
  A ball python (D:1)
  4 bats
  A frilled lizard (D:1)
  4 kobolds
  3 rats
31 creatures vanquished.

Vanquished Creatures (others)
  A plant (D:2)
1 creature vanquished.

Grand Total: 32 creatures vanquished

Notes
Turn   | Place    | Note
-------+----------+-------------------------------------------
     0 | D:1      | Artemis the Kobold Berserker began the quest for the Orb.
     0 | D:1      | Reached XP level 1. HP: 14/14 MP: 1/1
   110 | D:1      | Reached XP level 2. HP: 7/19 MP: 2/2
  1036 | D:2      | Reached XP level 3. HP: 23/23 MP: 3/3
  1516 | D:2      | Noticed Natasha
  1525 | D:2      | Killed Natasha
  1525 | D:2      | Reached skill level 5 in Short Blades
  1525 | D:2      | Reached XP level 4. HP: 29/29 MP: 4/4
  1854 | D:2      | Found a runed translucent door.
  1855 | D:2      | Noticed Crazy Yiuf
  1882 | D:2      | Noticed Natasha
  1897 | D:2      | Killed Natasha
  1897 | D:2      | Reached ** piety under Trog
  1907 | D:2      | Asphyxiated

Illustrated notes

Levels and vault maps discovered:
D:1:      elethiomel_arrival_shortcut, layout_loops_ring
D:2:      layout_basic, serial_bayou_lagoon_a, nrook_campfire,
          uniq_crazy_yiuf_cottage, uniq_natasha

Skill      XL: |  1  2  3  4 |
---------------+-------------+-----
Short Blades   | 5 |  5.3
Armour         | 2 |  2.1
Dodging        | 3 |  3.2
Fighting       | 4 |  4.1

Action                   |  1- 3 |  4- 6 || total
-------------------------+-------+-------++-------
Melee: Short sword       |    88 |    29 ||   117
Invok: Berserk           |     1 |       ||     1
  Use: Potion            |       |     1 ||     1
 Stab: Sleeping          |     1 |       ||     1
  Eat: Chunk             |    10 |     2 ||    12
Armor: Animal skin       |     3 |       ||     3
       Ring mail         |    16 |     5 ||    21
Dodge: Dodged            |    68 |    16 ||    84
